[Event "30th Tamil Nadu IM Norm 2024"]
[Site "Coimbatore"]
[Date "2024.09.30"]
[Round "1.1"]
[White "Mohamed Anees M"]
[Black "Bharadia Yash"]
[Result "1/2-1/2"]
[ECO "A12"]
[WhiteElo "2347"]
[BlackElo "2415"]
[Annotator "RC"]
[PlyCount "164"]
[EventDate "2024.09.15"]
[EventCountry "IND"]
[SourceTitle "playchess.com"]
[Source "ChessBase"]
[SourceQuality "1"]
[TimeControl "5400+30"]

1. b3 d5 2. Bb2 Bf5 3. Nf3 e6 4. g3 Nf6 5. Bg2 Be7 6. d3 h6 7. Nbd2 O-O 8. c4 c6 9. O-O Nbd7 10. Rc1 Bh7 11. Rc2 a5 12. a3 Bd6 13. Qa1 Qe7 14. Rcc1 e5 15. cxd5 cxd5 16. Ne1 Qe6 17. Nc2 Bf5 18. Ne3 Bh3 19. a4 Bxg2 20. Kxg2 Bb4 21. Nf3 d4 22. Nc4 Nd5 23. Qb1 f5 24. e3 dxe3 25. fxe3 e4 26. Nd4 Qg6 27. Nxf5 Rxf5 28. Rxf5 Qxf5 29. dxe4 Qh5 30. exd5 Nc5 31. Qc2 Qxd5+ 32. Kg1 Qe6 33. Rf1 Rc8 34. Rf4 Nd7 35. Re4 Qh3 36. Qd1 Rf8 37. Rh4 Qe6 38. Qd4 Qg6 39. Qd5+ Kh7 40. Qe4 Qxe4 41. Rxe4 Nc5 42. Re7 Rg8 43. Rc7 Nxb3 44. Rxb7 Nc5 45. Ra7 Nxa4 46. Bd4 Nc3 47. Nxa5 Ne2+ 48. Kf2 Nxd4 49. exd4 Rc8 50. Ke3 Rc2 51. Ke4 Rxh2 52. Nc6 Bd6 53. Ne5 Rg2 54. Kf3 Rd2 55. Ke3 Rg2 56. Kf3 Rd2 57. Ra4 Rxd4 58. Rxd4 Bxe5 59. Rd5 Bf6 60. Ke4 Kg6 61. Kf4 Bg5+ 62. Kg4 Bc1 63. Rd6+ Kh7 64. Kf5 Bg5 65. Rc6 Bd2 66. Ke6 Be3 67. Kf7 Bd4 68. g4 Bf6 69. Rd6 Be5 70. Re6 Bf6 71. Rc6 Bg5 72. Rc5 Bf6 73. Rb5 Bg5 74. Rb8 Bf6 75. Rg8 Be5 76. Re8 Bf6 77. Re6 Bg5 78. Rb6 Bf6 79. Rxf6 gxf6 80. Kxf6 h5 81. gxh5 Kh6 82. Kf5 Kxh5 1/2-1/2

[Event "30th Tamil Nadu IM Norm 2024"]
[Site "Coimbatore"]
[Date "2024.09.30"]
[Round "1.3"]
[White "Nandish V S"]
[Black "Aakash G"]
[Result "0-1"]
[ECO "D35"]
[WhiteElo "2212"]
[BlackElo "2279"]
[Annotator "RC"]
[PlyCount "72"]
[EventDate "2024.09.15"]
[EventCountry "IND"]
[SourceTitle "playchess.com"]
[Source "ChessBase"]
[SourceQuality "1"]
[TimeControl "5400+30"]

1. c4 e6 2. Nc3 d5 3. d4 Be7 4. cxd5 exd5 5. Bf4 Nf6 6. e3 O-O 7. Bd3 Re8 8. Qc2 c6 9. Nge2 Nbd7 10. O-O Nf8 11. Rab1 Bd6 12. b4 Bxf4 13. Nxf4 Qd6 14. b5 Ng4 15. bxc6 bxc6 16. Bf5 g5 17. Bxg4 gxf4 18. Bxc8 Raxc8 19. Qf5 Ne6 20. Ne2 fxe3 21. fxe3 Rc7 22. Rf3 Ng7 23. Qh3 Qe6 24. Qg3 Rce7 25. Nf4 Qe4 26. Rbf1 Kh8 27. Nh3 Qg6 28. Ng5 f5 29. Qh4 Rxe3 30. Rxe3 Rxe3 31. Nf3 Re2 32. Rf2 Re4 33. Qd8+ Re8 34. Qc7 Qh6 35. Qxa7 Qe3 36. Ne5 Rxe5 0-1

[Event "30th Tamil Nadu IM Norm 2024"]
[Site "Coimbatore"]
[Date "2024.09.30"]
[Round "1.4"]
[White "Dhruva Thota"]
[Black "Arnav Maheshwari"]
[Result "1-0"]
[ECO "C02"]
[WhiteElo "2342"]
[BlackElo "2293"]
[Annotator "RC"]
[PlyCount "165"]
[EventDate "2024.09.15"]
[EventCountry "IND"]
[SourceTitle "playchess.com"]
[Source "ChessBase"]
[SourceQuality "1"]
[TimeControl "5400+30"]

1. e4 e6 2. d4 d5 3. e5 c5 4. c3 Bd7 5. a3 Nc6 6. Nf3 c4 7. Nbd2 Na5 8. h4 h6 9. g3 Ne7 10. Bh3 Nc8 11. O-O Nb6 12. h5 Na4 13. Nh4 Qb6 14. Qg4 O-O-O 15. Ng2 Kb8 16. Ne3 Nb3 17. Nxb3 cxb3 18. Qf3 Be8 19. Bg2 Rc8 20. Rb1 Rc7 21. Re1 Be7 22. Nf1 Rc8 23. Be3 g6 24. Nd2 gxh5 25. Qxh5 f6 26. Qg4 Rf8 27. Bxh6 f5 28. Qd1 Rh8 29. Bf4 Bxa3 30. bxa3 b2 31. Qb3 Qc7 32. Re3 Bc6 33. Nf3 a6 34. Ng5 Qe7 35. Qb4 Qxb4 36. axb4 Bd7 37. Bf3 Ka7 38. Be2 Rc7 39. Rd3 Bb5 40. Rd2 Bxe2 41. Rxe2 Nxc3 42. Rexb2 Nxb1 43. Rxb1 Re8 44. Kg2 Kb6 45. Rh1 Kb5 46. Bd2 b6 47. Rh6 Rce7 48. f3 Kc4 49. Rh4 Kd3 50. Be1 Ra7 51. Rh6 Rae7 52. g4 fxg4 53. fxg4 Kxd4 54. Nf3+ Kc4 55. g5 d4 56. Rh4 Rd7 57. g6 Ra8 58. Rg4 a5 59. bxa5 bxa5 60. Bf2 a4 61. Bxd4 a3 62. Kg3 Rg8 63. Kh4 Kb3 64. Kg5 Rf8 65. Rg3 a2 66. Ba1 Rd1 67. Nd4+ Kc4 68. Nc2 Kc5 69. g7 Rg8 70. Kg6 Rgd8 71. Bb2 R1d2 72. Ba3+ Kb5 73. Bf8 Rxc2 74. Rg1 Rg2+ 75. Rxg2 a1=Q 76. g8=Q Qb1+ 77. Kf7 Kc6 78. Rf2 Qb7+ 79. Kf6 Qb1 80. Qg2+ Rd5 81. Rc2+ Kd7 82. Qg7+ Kd8 83. Qe7# 1-0

[Event "30th Tamil Nadu IM Norm 2024"]
[Site "Coimbatore"]
[Date "2024.09.30"]
[Round "1.5"]
[White "Annageldyev, Orazly"]
[Black "Manik, Mikulas"]
[Result "0-1"]
[ECO "B07"]
[WhiteElo "2105"]
[BlackElo "2316"]
[Annotator "RC"]
[PlyCount "82"]
[EventDate "2024.09.15"]
[EventCountry "IND"]
[SourceTitle "playchess.com"]
[Source "ChessBase"]
[SourceQuality "1"]
[TimeControl "5400+30"]

1. d4 Nf6 2. Nf3 g6 3. g3 Bg7 4. Bg2 O-O 5. O-O d6 6. Nc3 Nbd7 7. e4 e5 8. Re1 c6 9. a4 Qc7 10. h3 b6 11. Bg5 h6 12. Be3 Bb7 13. Qd2 Kh7 14. Rad1 Rfe8 15. Kh2 a6 16. dxe5 dxe5 17. Nh4 Rad8 18. Qe2 b5 19. axb5 axb5 20. f4 exf4 21. Bxf4 Ne5 22. Rxd8 Rxd8 23. Bxe5 Qxe5 24. Nf3 Qc7 25. e5 Re8 26. Qd3 Nd7 27. e6 Nc5 28. Qe3 Nxe6 29. Nh4 Bd4 30. Qd3 Rd8 31. Qf1 Ng5 32. Nf3 Nxf3+ 33. Qxf3 Rd7 34. Re8 c5 35. Ne4 f5 36. Qb3 c4 37. Qb4 Bxe4 38. Qf8 h5 39. Qg8+ Kh6 40. Re6 Bg7 41. Qe8 Rf7 0-1

[Event "30th Tamil Nadu IM Norm 2024"]
[Site "Coimbatore"]
[Date "2024.10.01"]
[Round "2.1"]
[White "Bharadia Yash"]
[Black "Manik, Mikulas"]
[Result "0-1"]
[ECO "C78"]
[WhiteElo "2415"]
[BlackElo "2316"]
[Annotator "RC"]
[PlyCount "65"]
[EventDate "2024.09.15"]
[EventCountry "IND"]
[SourceTitle "playchess.com"]
[Source "ChessBase"]
[SourceQuality "1"]
[TimeControl "5400+30"]

1. e4 e5 2. Nf3 Nc6 3. Bb5 a6 4. Ba4 Nf6 5. O-O b5 6. Bb3 Bb7 7. Re1 Bc5 8. c3 d6 9. d4 Bb6 10. a4 h6 11. h3 O-O 12. dxe5 Nxe5 13. Nxe5 dxe5 14. Qf3 Kh8 15. Qf5 g6 16. Qxe5 Re8 17. Qf4 g5 18. Qf3 Rxe4 19. Rxe4 Bxe4 20. Qe2 Qd6 21. Be3 Re8 22. Bxb6 cxb6 23. Qd2 Bd3 24. Bd1 Ne4 25. Qe3 Bxb1 26. Rxb1 Nf6 27. Qg3 Re1+ 28. Kh2 Rxd1 29. Rxd1 Qxd1 30. axb5 axb5 31. Qb8+ Kg7 32. Qxb6 Qb3 33. Kg1 0-1

[Event "30th Tamil Nadu IM Norm 2024"]
[Site "Coimbatore"]
[Date "2024.10.01"]
[Round "2.2"]
[White "Arnav Maheshwari"]
[Black "Annageldyev, Orazly"]
[Result "1-0"]
[ECO "A62"]
[WhiteElo "2293"]
[BlackElo "2105"]
[Annotator "RC"]
[PlyCount "91"]
[EventDate "2024.09.15"]
[EventCountry "IND"]
[SourceTitle "playchess.com"]
[Source "ChessBase"]
[SourceQuality "1"]
[TimeControl "5400+30"]

1. d4 Nf6 2. c4 c5 3. d5 g6 4. Nc3 Bg7 5. g3 O-O 6. Bg2 d6 7. Nf3 e6 8. O-O exd5 9. cxd5 Re8 10. Bf4 a6 11. a4 Qc7 12. Nd2 Nh5 13. e4 Nd7 14. Nc4 Nxf4 15. gxf4 Nb6 16. Ne3 f6 17. h4 Nd7 18. h5 Rb8 19. f5 gxh5 20. Qxh5 Re7 21. Kh2 Qd8 22. Rh1 Nf8 23. Ng4 Qe8 24. Qh4 Rf7 25. Qg3 Kh8 26. Qxd6 Nd7 27. Qg3 b5 28. axb5 axb5 29. Bf3 Ne5 30. Rag1 b4 31. Ne2 Nxg4+ 32. Bxg4 Qe5 33. Bh5 Qxg3+ 34. Kxg3 Re7 35. Kf3 c4 36. Rc1 c3 37. Nd4 cxb2 38. Rc2 Ra8 39. Rb1 Ra3+ 40. Kg2 Bb7 41. Ne6 Ba6 42. Rbxb2 b3 43. Rc3 h6 44. Rcxb3 Rxb3 45. Rxb3 Bb7 46. Nc5 1-0

[Event "30th Tamil Nadu IM Norm 2024"]
[Site "Coimbatore"]
[Date "2024.10.01"]
[Round "2.3"]
[White "Aakash G"]
[Black "Dhruva Thota"]
[Result "1/2-1/2"]
[ECO "E60"]
[WhiteElo "2279"]
[BlackElo "2342"]
[Annotator "RC"]
[PlyCount "60"]
[EventDate "2024.09.15"]
[EventCountry "IND"]
[SourceTitle "playchess.com"]
[Source "ChessBase"]
[SourceQuality "1"]
[TimeControl "5400+30"]

1. b3 Nf6 2. Bb2 g6 3. c4 Bg7 4. g3 O-O 5. Bg2 c5 6. Nf3 d6 7. d4 d5 8. Nbd2 cxd4 9. Nxd4 Nc6 10. O-O Bd7 11. cxd5 Nxd5 12. Nc4 e6 13. Rc1 Ndb4 14. a3 Bxd4 15. Bxd4 Nxd4 16. Qxd4 Nc6 17. Qf4 Qe7 18. Qc7 Rfc8 19. Qf4 Rd8 20. Rfd1 Be8 21. Bxc6 Bxc6 22. Ne5 Rxd1+ 23. Rxd1 Be8 24. Qd4 f6 25. Ng4 Kg7 26. Rc1 Bc6 27. b4 a6 28. Rd1 Rc8 29. h4 h5 30. Ne3 Rc7 1/2-1/2

[Event "30th Tamil Nadu IM Norm 2024"]
[Site "Coimbatore"]
[Date "2024.10.01"]
[Round "2.4"]
[White "Podolchenko, Evgeniy"]
[Black "Nandish V S"]
[Result "1-0"]
[ECO "E32"]
[WhiteElo "2338"]
[BlackElo "2212"]
[Annotator "RC"]
[PlyCount "65"]
[EventDate "2024.09.15"]
[EventCountry "IND"]
[SourceTitle "playchess.com"]
[Source "ChessBase"]
[SourceQuality "1"]
[TimeControl "5400+30"]

1. d4 Nf6 2. c4 e6 3. Nc3 Bb4 4. Qc2 d6 5. e3 Nbd7 6. Bd3 O-O 7. Nge2 e5 8. f3 c6 9. O-O Re8 10. a3 Ba5 11. b4 Bb6 12. d5 cxd5 13. cxd5 e4 14. Nxe4 Nxe4 15. Bxe4 Nf6 16. Kh1 Nxe4 17. fxe4 Bd7 18. Ng3 Qg5 19. Rf4 Rac8 20. Qf2 f6 21. Bb2 Ba4 22. Qf3 Bd7 23. Nh5 Re5 24. g4 Rc2 25. Bxe5 Qxe5 26. Rf1 Qb2 27. Qh3 Bb5 28. g5 Bxf1 29. Qe6+ Kf8 30. Qxd6+ Kf7 31. Qd7+ Kg6 32. Qxg7+ Kxh5 33. Qh6# 1-0

[Event "30th Tamil Nadu IM Norm 2024"]
[Site "Coimbatore"]
[Date "2024.10.01"]
[Round "2.5"]
[White "Mohamed Anees M"]
[Black "Tologon tegin, Semetei"]
[Result "0-1"]
[ECO "A06"]
[WhiteElo "2347"]
[BlackElo "2337"]
[Annotator "RC"]
[PlyCount "214"]
[EventDate "2024.09.15"]
[EventCountry "IND"]
[SourceTitle "playchess.com"]
[Source "ChessBase"]
[SourceQuality "1"]
[TimeControl "5400+30"]

1. b3 d5 2. Bb2 c5 3. e3 a6 4. Nf3 Nc6 5. d4 Nf6 6. Be2 Bg4 7. Nbd2 e6 8. O-O cxd4 9. exd4 Rc8 10. a3 Be7 11. Bd3 O-O 12. Qe1 Qb6 13. Qe3 Bh5 14. Rac1 Rfd8 15. Rfe1 Ng4 16. Qe2 Bd6 17. h3 Nf6 18. Qe3 Bg6 19. Bxg6 hxg6 20. Ne5 Nxe5 21. dxe5 Bc5 22. Qf4 Nh7 23. Re2 Rc6 24. Nf3 Rdc8 25. h4 Qd8 26. g3 Qf8 27. a4 Ba3 28. Bxa3 Qxa3 29. Nd4 Rc3 30. Kg2 Qe7 31. Rh1 Nf8 32. Qg4 Qb4 33. h5 Rxc2 34. Nc6 Qa3 35. Rxc2 Rxc6 36. Rxc6 bxc6 37. h6 gxh6 38. Rxh6 Qb2 39. Qg5 Nh7 40. Qd8+ Nf8 41. Qf6 Nh7 42. Qf4 g5 43. Qe3 Qc2 44. Rh1 d4 45. Qxd4 Qxb3 46. Rc1 Nf8 47. Rxc6 Ng6 48. Qe4 Qb7 49. Rc4 Qb8 50. Rc5 Qb6 51. Qc6 Qb4 52. Rc4 Qa5 53. Qc5 Qd2 54. Rd4 Qe2 55. Rd8+ Kg7 56. Qe3 Qg4 57. Kh2 Qf5 58. Qd4 Nxe5 59. f4 Qc2+ 60. Kg1 Qc1+ 61. Kf2 Qc2+ 62. Ke3 Qb3+ 63. Ke2 Qc2+ 64. Ke3 Qb3+ 65. Kd2 Qa2+ 66. Kc1 Qa3+ 67. Qb2 Qe3+ 68. Rd2 gxf4 69. gxf4 Qxf4 70. Qd4 Qg3 71. Kb2 f6 72. Qe4 Kh6 73. Ka2 Nf3 74. Rb2 Ng5 75. Qh1+ Kg6 76. Qa8 Qd6 77. Qe8+ Kf5 78. Qa8 Ne4 79. Qb7 Ke5 80. Qb3 f5 81. Qf3 Qd5+ 82. Ka1 Qd4 83. Qb3 Nc5 84. Qb8+ Ke4 85. Kb1 Qd1+ 86. Ka2 Qxa4+ 87. Kb1 Qd1+ 88. Ka2 Qd5+ 89. Kb1 Nd3 90. Rb6 e5 91. Qh8 f4 92. Qh4 Qc5 93. Rb3 Qc1+ 94. Ka2 Qd2+ 95. Kb1 Qd1+ 96. Ka2 Qc2+ 97. Ka1 Qd1+ 98. Ka2 Qd2+ 99. Kb1 Qe1+ 100. Qxe1+ Nxe1 101. Kc1 Nd3+ 102. Kd2 f3 103. Ra3 Nc5 104. Rc3 Ne6 105. Rc6 f2 106. Rc1 Nf4 107. Ra1 Kf3 0-1

[Event "30th Tamil Nadu IM Norm 2024"]
[Site "Coimbatore"]
[Date "2024.10.02"]
[Round "4.1"]
[White "Bharadia Yash"]
[Black "Arnav Maheshwari"]
[Result "0-1"]
[ECO "C60"]
[WhiteElo "2415"]
[BlackElo "2293"]
[Annotator "RC"]
[PlyCount "74"]
[EventDate "2024.09.15"]
[EventCountry "IND"]
[SourceTitle "playchess.com"]
[Source "ChessBase"]
[SourceQuality "1"]
[TimeControl "5400+30"]

1. e4 e5 2. Nf3 Nc6 3. Bb5 Nge7 4. Nc3 Ng6 5. d4 exd4 6. Nxd4 Nxd4 7. Qxd4 c6 8. Be2 Qb6 9. Qd3 Be7 10. O-O O-O 11. Be3 Qc7 12. Qc4 Ne5 13. Qd4 d6 14. f4 Ng4 15. Bxg4 Bxg4 16. f5 Bh5 17. Qc4 Rac8 18. h3 b5 19. Qb3 b4 20. Qxb4 f6 21. Qa4 Rb8 22. b3 Rb7 23. Qa6 Rfb8 24. Qd3 Re8 25. Na4 Bf8 26. c4 Kh8 27. Bf4 Qe7 28. Nc3 Rd7 29. Kh1 Qd8 30. Rf2 Qa5 31. Qg3 Bf7 32. Qf3 d5 33. exd5 cxd5 34. Nxd5 Bxd5 35. cxd5 Rxd5 36. Bg3 Red8 37. Qe4 Qc3 0-1

[Event "30th Tamil Nadu IM Norm 2024"]
[Site "Coimbatore"]
[Date "2024.10.02"]
[Round "4.2"]
[White "Aakash G"]
[Black "Manik, Mikulas"]
[Result "1/2-1/2"]
[ECO "E61"]
[WhiteElo "2279"]
[BlackElo "2316"]
[Annotator "RC"]
[PlyCount "40"]
[EventDate "2024.09.15"]
[EventCountry "IND"]
[SourceTitle "playchess.com"]
[Source "ChessBase"]
[SourceQuality "1"]
[TimeControl "5400+30"]

1. d4 Nf6 2. c4 g6 3. Nc3 Bg7 4. Nf3 O-O 5. Bg5 h6 6. Bf4 d6 7. e3 Nh5 8. Bg3 c5 9. Bd3 cxd4 10. Nxd4 Nxg3 11. hxg3 Nc6 12. Qd2 Bd7 13. O-O-O Rc8 14. Nxc6 Rxc6 15. Kb1 Be6 16. b3 Qb6 17. Na4 Qd8 18. Nc3 Qb6 19. Na4 Qd8 20. Nc3 Qb6 1/2-1/2

[Event "30th Tamil Nadu IM Norm 2024"]
[Site "Coimbatore"]
[Date "2024.10.02"]
[Round "4.3"]
[White "Podolchenko, Evgeniy"]
[Black "Annageldyev, Orazly"]
[Result "1-0"]
[ECO "A58"]
[WhiteElo "2338"]
[BlackElo "2105"]
[Annotator "RC"]
[PlyCount "47"]
[EventDate "2024.09.15"]
[EventCountry "IND"]
[SourceTitle "playchess.com"]
[Source "ChessBase"]
[SourceQuality "1"]
[TimeControl "5400+30"]

1. d4 Nf6 2. c4 c5 3. d5 b5 4. cxb5 a6 5. bxa6 e6 6. Nc3 Nxd5 7. Nxd5 exd5 8. Qxd5 Rxa6 9. Qe5+ Be7 10. Qxb8 O-O 11. Qb3 d5 12. e3 c4 13. Qc2 g6 14. Nf3 Bf5 15. Qd1 Qa8 16. Be2 Bb4+ 17. Bd2 Bxd2+ 18. Qxd2 Rxa2 19. Rxa2 Qxa2 20. O-O Rb8 21. Qxd5 Be6 22. Qe5 Rxb2 23. Nd4 Rxe2 24. Nxe2 1-0

[Event "30th Tamil Nadu IM Norm 2024"]
[Site "Coimbatore"]
[Date "2024.10.02"]
[Round "4.4"]
[White "Mohamed Anees M"]
[Black "Dhruva Thota"]
[Result "1-0"]
[ECO "B95"]
[WhiteElo "2347"]
[BlackElo "2342"]
[Annotator "RC"]
[PlyCount "101"]
[EventDate "2024.09.15"]
[EventCountry "IND"]
[SourceTitle "playchess.com"]
[Source "ChessBase"]
[SourceQuality "1"]
[TimeControl "5400+30"]

1. e4 c5 2. Nf3 d6 3. d4 cxd4 4. Nxd4 Nf6 5. Nc3 a6 6. Bg5 e6 7. Qf3 Nbd7 8. O-O-O Qc7 9. Qg3 b5 10. a3 Rb8 11. f3 h6 12. Be3 g6 13. Kb1 e5 14. Nb3 Bb7 15. Qf2 Bc6 16. Nd5 Bxd5 17. exd5 Nb6 18. Bxb6 Qxb6 19. Qxb6 Rxb6 20. Na5 Bg7 21. c4 Kd7 22. b4 Rc8 23. Bd3 Ng8 24. Rc1 bxc4 25. Bxc4 Ne7 26. g4 h5 27. h3 Bh6 28. Rc2 h4 29. Bb3 Rxc2 30. Kxc2 Rb8 31. Kd3 f5 32. Rg1 Rf8 33. g5 Bg7 34. Rc1 Ke8 35. Rc7 e4+ 36. Ke2 Kf7 37. Nc6 Re8 38. fxe4 Kf8 39. Nxe7 Rxe7 40. Rxe7 Kxe7 41. exf5 gxf5 42. Bc2 Bb2 43. a4 Bc1 44. g6 Ba3 45. b5 axb5 46. axb5 Bc5 47. Bxf5 Bb6 48. Kf3 Kf6 49. Kg4 Bd8 50. Bd3 Kg7 51. Kf5 1-0

[Event "30th Tamil Nadu IM Norm 2024"]
[Site "Coimbatore"]
[Date "2024.10.02"]
[Round "4.5"]
[White "Tologon tegin, Semetei"]
[Black "Nandish V S"]
[Result "1-0"]
[ECO "D02"]
[WhiteElo "2337"]
[BlackElo "2212"]
[Annotator "RC"]
[PlyCount "73"]
[EventDate "2024.09.15"]
[EventCountry "IND"]
[SourceTitle "playchess.com"]
[Source "ChessBase"]
[SourceQuality "1"]
[TimeControl "5400+30"]

1. d4 Nf6 2. c3 d5 3. Nf3 c5 4. dxc5 a5 5. b4 g6 6. Bb2 Bg7 7. Nbd2 O-O 8. e3 b6 9. cxb6 Qxb6 10. b5 a4 11. c4 Bd7 12. Rb1 Bf5 13. Rc1 dxc4 14. Bxc4 Nbd7 15. O-O Rfd8 16. Qe2 Qb7 17. Nd4 Nb6 18. Nxf5 gxf5 19. Nf3 Nxc4 20. Qxc4 Rdc8 21. Qe2 Rcb8 22. Be5 Rc8 23. Nd4 Qd5 24. f4 e6 25. Nc6 Qd7 26. Bxf6 Bxf6 27. e4 fxe4 28. Qxe4 Qb7 29. f5 e5 30. Qd5 Rd8 31. Qf3 Re8 32. Rb1 Kh8 33. Rfe1 Rac8 34. Kh1 Qd7 35. Qe4 Qc7 36. Qxa4 Qb6 37. Qe4 1-0

[Event "30th Tamil Nadu IM Norm 2024"]
[Site "Coimbatore"]
[Date "2024.10.03"]
[Round "5.1"]
[White "Nandish V S"]
[Black "Bharadia Yash"]
[Result "1/2-1/2"]
[ECO "E69"]
[WhiteElo "2212"]
[BlackElo "2415"]
[Annotator "TA"]
[PlyCount "65"]
[EventDate "2024.09.15"]
[EventCountry "IND"]
[SourceTitle "playchess.com"]
[Source "ChessBase"]
[SourceQuality "1"]
[TimeControl "5400+30"]

1. c4 e5 2. g3 Nf6 3. Bg2 g6 4. Nc3 Bg7 5. e4 O-O 6. Nge2 Nc6 7. O-O d6 8. d3 Nd7 9. Be3 Nc5 10. d4 exd4 11. Nxd4 Ne5 12. b3 Ng4 13. Bc1 Re8 14. h3 Nf6 15. Re1 a5 16. Rb1 c6 17. Bf4 Nh5 18. Be3 Qc7 19. Qc2 Nf6 20. Rbd1 Nfd7 21. Nde2 Ne6 (21... a4 $14) 22. Qd2 Bf8 23. Bh6 {[%emt 0:02:37] White is more active.} (23. f4 $16) 23... Be7 24. Be3 ({White should try} 24. Qc2 $16) 24... Nec5 (24... Bf8 $11 {keeps the balance.}) 25. f4 $16 {[%emt 0:07:08] White is better.} Bf8 26. Bd4 Ne6 {[%emt 0:03:47] [#]} 27. Bf2 $1 Ra6 28. Nd4 Nec5 29. Nc2 Nb6 30. Bf1 Ra8 31. Bd4 Nbd7 32. Bg2 Ne6 33. Bf2 {[%emt 0:00:15] Weighted Error Value: White=0.21 (precise) /Black=0.24 (precise) .  Mistake:       	White=2     	Black=2      Inaccurate:     	White=1     	Black=1      OK:         	White=2     	Black=2      Strong:       	White=1     	---} 1/2-1/2

[Event "30th Tamil Nadu IM Norm 2024"]
[Site "Coimbatore"]
[Date "2024.10.03"]
[Round "5.2"]
[White "Dhruva Thota"]
[Black "Tologon tegin, Semetei"]
[Result "1-0"]
[ECO "B04"]
[WhiteElo "2342"]
[BlackElo "2337"]
[Annotator "TA"]
[PlyCount "77"]
[EventDate "2024.09.15"]
[EventCountry "IND"]
[SourceTitle "playchess.com"]
[Source "ChessBase"]
[SourceQuality "1"]
[TimeControl "5400+30"]

1. e4 Nf6 2. e5 Nd5 3. d4 d6 4. Nf3 dxe5 5. Nxe5 c6 6. c4 (6. Be2 $14) 6... Nc7 (6... Nb4 $1 $11) 7. Be3 $14 Nd7 8. Nf3 Nf6 (8... g6 $11 {feels stronger.}) 9. h3 $40 {[%emt 0:00:11][%mdl 128] White mounts an attack.} Bf5 10. g4 Bg6 11. Nc3 h6 (11... e6 $16) 12. Qb3 Rb8 {[%emt 0:02:05] [#]} 13. d5 $1 e6 14. Bxa7 {[%emt 0:04:52] Hoping for dxc6. White is more active.} exd5 (14... Na6 $16) 15. Bxb8 Qxb8 16. Ne5 ({White should try} 16. cxd5 $18 Ncxd5 17. Nxd5 Nxd5 18. Bc4 Bb4+ 19. Kf1) 16... Bd6 $2 (16... Be4 $16 17. Nxe4 (17. Nxc6 Qa8 $18) 17... dxe4) 17. Nxg6 $18 fxg6 18. O-O-O O-O 19. cxd5 Nfxd5 20. Nxd5 Nxd5 21. Bc4 Rxf2 22. Bxd5+ cxd5 23. Qxd5+ Kh7 {[%emt 0:00:01] ( -> ...Qc8+)} 24. Kb1 (24. Qxd6 {leads to mate.} Qc8+) 24... Be5 25. Rd2 Rf8 26. h4 Bf4 27. Rdd1 Qc8 28. Rhg1 Re8 29. Qd7 Qb8 $2 (29... b6 {keeps fighting.} 30. Qxc8 Rxc8) 30. Rge1 Rf8 31. Re7 Be5 32. Qxb7 Bf6 33. Rc7 Qe8 {[%emt 0:00:59] [#]} 34. g5 $1 Qe2 35. Rcd7 Be5 {[%emt 0:05:14] ...Rb8 would now be deadly.} 36. gxh6 Kxh6 {[%emt 0:00:19] Strongly threatening ...Rb8.} 37. R7d2 Qh5 38. Qg2 Bf6 (38... Qf5+ $142 39. Ka1 Bf6) 39. Rd5 {[%emt 0:00:44] Weighted Error Value: White=0.20 (precise) /Black=0.41.  Loses game:     	---       	Black=1      Mistake:       	White=1     	Black=5      Inaccurate:     	---       	Black=1      OK:         	White=13    	Black=8      Best:        	White=3     	Black=2} 1-0

[Event "30th Tamil Nadu IM Norm 2024"]
[Site "Coimbatore"]
[Date "2024.10.03"]
[Round "5.3"]
[White "Annageldyev, Orazly"]
[Black "Mohamed Anees M"]
[Result "0-1"]
[ECO "B22"]
[WhiteElo "2105"]
[BlackElo "2347"]
[Annotator "TA"]
[PlyCount "90"]
[EventDate "2024.09.15"]
[EventCountry "IND"]
[SourceTitle "playchess.com"]
[Source "ChessBase"]
[SourceQuality "1"]
[TimeControl "5400+30"]

1. e4 c5 2. c3 d5 3. exd5 Qxd5 4. d4 Nf6 5. Nf3 cxd4 6. Qxd4 Nc6 7. Qxd5 Nxd5 8. Na3 e6 9. Nb5 a6 {[%emt 0:01:12] Dodges c4} 10. Nbd4 {[%emt 0:00:30] The position is equal.} (10. c4 $5 axb5 11. cxd5 exd5 12. Bxb5 $11) 10... Nxd4 11. Nxd4 e5 {[%emt 0:00:51] Repels g3} 12. Nb3 Be7 13. a3 Be6 14. c4 Nb6 15. Na5 O-O-O 16. Be3 Na4 17. b3 Nc5 18. Be2 (18. b4 $15 Nd3+ 19. Bxd3 Rxd3 20. c5) 18... Nd3+ 19. Kf1 f5 {[%emt 0:01:24] Black is more active.} 20. Bb6 Rd7 21. Bxd3 Rxd3 22. Ke2 Rd7 (22... e4 $17 {Threatens to win with ...f4.} 23. Rhd1 Rxd1 24. Rxd1 Bxa3) 23. Rhd1 Rxd1 24. Rxd1 Bxa3 25. c5 Bb4 26. Nc4 (26. c6 $15) 26... e4 27. Ke3 (27. Ne3 $142) 27... Bc3 (27... Bxc4 $142 28. bxc4 Rf8) 28. g3 ({White should play} 28. Ba5 Bxc4 29. Bxc3) 28... g6 (28... Bxc4 $142 29. bxc4 a5) 29. Rd6 $2 {[%emt 0:04:56] [#] This move loses the game for White.} (29. Ba5 $17 Bxc4 30. Bxc3 Bxb3 31. Rb1) 29... Bxc4 $19 30. bxc4 {[%emt 0:00:08][%mdl 4096] Endgame. KRB-KRB} Re8 31. h4 (31. Rd1 $142) 31... Be5 32. Rd5 Bc7 33. Bxc7 Kxc7 {[%emt 0:00:04] KR-KR} 34. h5 Re6 (34... gxh5 35. Rxf5 a5 36. Rxh5 $11) 35. Kf4 Kc6 (35... gxh5 36. Rxf5 Kc6 37. Ke3 $11) 36. h6 Re7 37. Kg5 (37. Rd8 $142) 37... Rd7 38. Kf6 {[%emt 0:02:35] [#]} (38. Re5 $19) 38... a5 (38... Rxd5 $142 39. cxd5+ Kxd5 40. Kf7 a5 (40... Kxc5 41. Kg7 $15) 41. Ke7 a4 (41... Kxc5 $2 42. Kf8 $19) 42. Kd7 a3 (42... Kxc5 {gets mated.} 43. Ke7 a3 44. Ke6 a2 45. Kf7 a1=Q 46. Ke7 Qa2 47. Kf6 Kd6 48. g4 fxg4 49. f4 gxf3 50. Kg7 f2 51. Kxh7 Qf7+ 52. Kh8 f1=Q 53. h7 Qf8#) 43. Ke7 Kxc5 (43... a2 44. Kf7 Kxc5 45. g4 f4 46. Kg8 e3 47. Kxh7 e2 48. Kxg6 e1=Q 49. Kf5 a1=Q 50. g5 Qae5+ 51. Kg6 Qe8+ 52. Kf5 Q8e6+ 53. Kxf4 Qxf2#) 44. Kf6 a2 45. Kf7 Kd6 (45... a1=B $2 46. Kg8 $19) (45... a1=Q {is a self mate.} 46. Ke7 Qh8 47. Kf7 Kd6 48. g4 fxg4 49. f3 e3 50. fxg4 e2 51. g5 Kc6 52. Ke7 e1=Q+ 53. Kf7 Qee8#) 46. Kf6 a1=Q+ (46... a1=B+ 47. Kg5 Bd4 48. Kh4 Bxf2 49. Kh3 e3 50. Kg2 Ke5 51. Kf3 Kd4 52. g4 fxg4+ 53. Ke2 Ke4 54. Kd1 Kd3 55. Kc1 e2 56. Kb2 e1=Q 57. Kb3 Qc3+ 58. Ka4 b6 59. Kb5 Qc4#) 47. Kf7 Qh8 (47... Qa2+ 48. Kf8 Qe6 49. g4 Qf6+ 50. Kg8 Ke7 51. gxf5 Qf7+ 52. Kh8 Kf8 53. fxg6 Qg8#) 48. g4 fxg4 49. f3 e3 50. fxg4 e2 51. g5 Kc6 52. Ke7 e1=Q+ 53. Kf7 Qee8#) 39. Rxd7 Kxd7 {[%emt 0:00:04] KP-KP. Black mates.} 40. Kg7 a4 41. Kxh7 a3 42. Kg8 a2 43. h7 a1=Q 44. h8=Q Qxh8+ 45. Kxh8 g5 {[%emt 0:00:03] Weighted Error Value: White=0.65/Black=0.29 (precise) .  Loses game:     	White=1     	---        Mistake:       	White=7     	Black=4      Inaccurate:     	White=6     	Black=2      OK:         	White=5     	Black=13     Best:        	White=2     	Black=3} 0-1

[Event "30th Tamil Nadu IM Norm 2024"]
[Site "Coimbatore"]
[Date "2024.10.03"]
[Round "5.4"]
[White "Manik, Mikulas"]
[Black "Podolchenko, Evgeniy"]
[Result "1/2-1/2"]
[ECO "B13"]
[WhiteElo "2316"]
[BlackElo "2338"]
[Annotator "RC"]
[PlyCount "24"]
[EventDate "2024.09.15"]
[EventCountry "IND"]
[SourceTitle "playchess.com"]
[Source "ChessBase"]
[SourceQuality "1"]
[TimeControl "5400+30"]

1. e4 c6 2. d4 d5 3. exd5 cxd5 4. Bd3 Nc6 5. c3 Nf6 6. Bf4 Bg4 7. Qb3 Na5 8. Qa4+ Bd7 9. Qd1 Bg4 10. Qa4+ Bd7 11. Qd1 Bg4 12. Qa4+ Bd7 1/2-1/2